[Event "Early-Titled-Tuesday-Blitz-April-02-2024"]
[Site "Chess.com"]
[Date "2024.04.02"]
[Round "8"]
[White "shirovin"]
[Black "tarno17"]
[Result "0-1"]
[WhiteElo "2037"]
[BlackElo "2146"]
[TimeControl "180+1"]
[EndTime "9:29:05 PDT"]
[Termination "tarno17 won on time"]

1. e4 c5 2. Nf3 e6 3. d4 cxd4 4.
Nxd4 a6 5. g3 Qc7 6. Bg2 d6 7.
O-O Nf6 8. Nc3 Be7 9. Re1 O-O 10. Be3 Nc6 11. f4 Rd8 12. h3 Bf8 13. Nxc6 bxc6 14. g4 Bb7 15. g5 Ne8 16. f5 e5 17. Qg4 f6 18. Kh1 d5 19. Bf2 Be7 20. h4 Rd7 21.
Bf3 Rad8 22. Rg1 dxe4 23. Nxe4 c5 24. gxf6 Bxf6 25. Nxc5 Bxf3+ 26. Qxf3 Rd2 27. Qg3 Qc6+ 28. Rg2 Rxc2 29. Qb3+ Rd5 30. Qxc2 h6 31. Rc1 Qb5 32. Ne4 Qb4 33. Qc8 Rd8 34. Qc4+ Qxc4 35. Rxc4 Rd1+ 36. Kh2 Kh7 37. Bg3 Rb1 38. b3 h5 39. Ra4 a5 40.
Rxa5 Rd1 41. Nxf6+ Nxf6 42. Bxe5 Ng4+ 43. Kg3 Rd3+ 44.
Kf4 Rd1 0-1

[Event "Early-Titled-Tuesday-Blitz-April-02-2024"]
[Site "Chess.com"]
[Date "2024.04.02"]
[Round "8"]
[White "Tol_Tol"]
[Black "Iskusnyh"]
[Result "0-1"]
[WhiteElo "2293"]
[BlackElo "2622"]
[TimeControl "180+1"]
[EndTime "9:29:06 PDT"]
[Termination "Iskusnyh won on time"]

1. d4 d5 2. c4 c6 3. Nf3 Nf6 4. Nc3 a6 5. cxd5 cxd5 6. Bf4 Nc6 7. e3 Bg4 8. a3 e6 9. h3 Bxf3 10.
Qxf3 Bd6 11. Bd3 O-O 12. O-O e5 13. dxe5 Nxe5 14. Bxe5 Bxe5 15. Rfd1 Bxc3 16. bxc3 Qc7 17. Rac1 b5 18. g4 Rfe8 19. a4 Qc5 20. axb5 axb5 21. Qf5 Ra6 22. g5 g6 23. Qf4 Ne4 24. Bxe4 Rxe4 25.
Qb8+ Kg7 26. Rd4 Rxd4 27. Qe5+ Kg8 28. exd4 Qd6 29. Qe8+ Kg7 30. Qxb5 Qf4 31. Re1 Ra2 32.
Qf1 Qxg5+ 33. Qg2 Qd2 34. Re5 Qxc3 35. Qxd5 Qxh3 36. Re1 Qg4+ 37. Kf1 Ra6 38. Qe5+ Rf6 39. Re2 Qf3 40. Kg1 h5 41. d5 Kh7 0-1

[Event "Early-Titled-Tuesday-Blitz-April-02-2024"]
[Site "Chess.com"]
[Date "2024.04.02"]
[Round "8"]
[White "rezamahdavi2008"]
[Black "Shield12"]
[Result "1/2-1/2"]
[WhiteElo "2909"]
[BlackElo "3027"]
[TimeControl "180+1"]
[EndTime "9:29:07 PDT"]
[Termination "Game drawn by repetition"]

1. e4 c5 2. Nf3 e6 3. d4 cxd4 4. Nxd4 Nc6 5. Nc3 Qc7 6. Be3 a6 7. g4 h6 8. Rg1 Nf6 9. Nxc6 bxc6 10. Qf3 d5 11. O-O-O Rb8 12. g5 hxg5 13. Rxg5 Qb7 14. b3 Qb4 15. Bd2 dxe4 16. Qg3 Bd6 17. Bf4 Bxf4+ 18.
Qxf4 Rb7 19. Qe5 Rd7 20. Rxd7 Bxd7 21. Rxg7 Ke7 22. Kb2 Rh5 23. Qg3 Qd4 24. Bc4 Rf5 25. Kb1 Rf3 26. Qg6 Qxc3 27. Qxf7+ Kd6 28. Qf8+ Kc7 29.
Bxe6 Rxf2 30. Rxd7+ Nxd7 31. Qxf2 e3 32. Qg3+ Ne5 33. Bc4 Kb6 34. Be2 Qd2 35. Qxe5 Qxe2 36. Qb8+ Kc5 37. Qe5+ Kb6 38. Kb2 Qd2 39. Qb8+ Kc5 40.
Qe5+ Kb6 41. Qb8+ Kc5 42. Qe5+ Kb6 1/2-1/2

[Event "Early-Titled-Tuesday-Blitz-April-02-2024"]
[Site "Chess.com"]
[Date "2024.04.02"]
[Round "8"]
[White "ChessSwole"]
[Black "Predo63"]
[Result "1-0"]
[WhiteElo "2693"]
[BlackElo "2524"]
[TimeControl "180+1"]
[EndTime "9:29:07 PDT"]
[Termination "ChessSwole won by resignation"]

1. d4 d5 2. c4 c6 3. Nf3 Nf6 4. e3 Bf5 5. Nc3 e6 6. Nh4 Bg6 7. Qb3 Qb6 8. Nxg6 hxg6 9. Bd2 Nbd7 10. h3 Qxb3 11. axb3 a6 12. Bd3 Nh5 13. O-O f5 14. f3 Nhf6 15. Rfe1 Kf7 16. e4 Rd8 17. g4 Rxh3 18.
Kg2 Rh8 19. exf5 gxf5 20. gxf5 exf5 21. Bxf5 Bd6 22. Be6+ Kf8 23. Rh1 Rxh1 24. Rxh1 Ke7 25. cxd5 cxd5 26. Bxd5 Nxd5 27. Nxd5+ Kf7 28. Bc3 Re8 29. Kf2 Rd8 30. Ne3 Bf4 31. Nc4 Bb8 32. Na5 b6 33. Nc6 Rc8 34. Nxb8 Rxb8 35. b4 b5 36. d5 Rb6 37. Rg1 g6 38. Ke3 Rd6 39.
Ke4 Nb6 40. Rd1 Nc4 41. b3 Nb6 42. Be5 Rd7 43. d6 Ke6 44. Rg1 Kf7 45. Ra1 Nc8 46. Rxa6 Ke6 47. f4 Na7 48. Rb6 Nc8 49. Rxb5 Na7 50.
Rb6 Nc8 51. Ra6 Na7 52. Kd4 Nb5+ 53. Kc5 Na7 54. b5 g5 55. b6 Nc8 56. Ra8 Nxb6 57. Kxb6 gxf4 58. Bxf4 Kd5 59. Ra5+ Ke6 60. b4 Rf7 61. Be5 Rf8 62. Rc5 Rb8+ 63. Ka5 Ra8+ 64. Kb5 Rb8+ 65. Kc4 Ra8 66. b5 Ra2 67. b6 Kd7 68.
Rc7+ Ke6 69. b7 Rb2 70. Bxb2 1-0

[Event "Early-Titled-Tuesday-Blitz-April-02-2024"]
[Site "Chess.com"]
[Date "2024.04.02"]
[Round "8"]
[White "lilleper1"]
[Black "MagnusCarlsen"]
[Result "0-1"]
[WhiteElo "2916"]
[BlackElo "3230"]
[TimeControl "180+1"]
[EndTime "9:29:09 PDT"]
[Termination "MagnusCarlsen won by resignation"]

1. e4 c5 2. Nf3 e6 3. g3 b6 4. Bg2 Bb7 5. Nc3 Nf6 6. e5 Nd5 7.
O-O Be7 8. Re1 O-O 9. Nxd5 Bxd5 10. d3 Nc6 11. Bf4 d6 12. c4 Bxf3 13. Bxf3 Rc8 14. Bxc6 Rxc6 15. Qa4 Qd7 16. Rad1 dxe5 17. Bxe5 f6 18.
Bc3 Rd8 19. d4 Rd6 20. Qxd7 R8xd7 21. d5 exd5 22. Rxd5 Rxd5 23. cxd5 Kf7 24. Rd1 b5 25. b3 Bd6 26. Kf1 Be5 27. Bxe5 fxe5 28. Ke2 Ke7 29. Ke3 Kd6 30. Ke4 Rc7 31. Rc1 c4 32. Rc3 g5 33. f3 a5 34. h4 gxh4 35. gxh4 cxb3 36. Rxb3 Rc4+ 37. Ke3 b4 38. a3 Rxh4 39. axb4 Rxb4 40. Rc3 h5 41. Rc8 Kxd5 42. Rd8+ Kc4 43.
Re8 Rb5 44. Rh8 a4 45. Rxh5 a3 46. Kd2 a2 47. Rh1 Rb1 0-1

[Event "Early-Titled-Tuesday-Blitz-April-02-2024"]
[Site "Chess.com"]
[Date "2024.04.02"]
[Round "8"]
[White "KubaGepard"]
[Black "NastyaHn"]
[Result "1-0"]
[WhiteElo "2588"]
[BlackElo "2460"]
[TimeControl "180+1"]
[EndTime "9:29:09 PDT"]
[Termination "KubaGepard won on time"]

1. d4 d5 2. c4 e6 3. Nf3 Nf6 4. e3 Be7 5. b3 O-O 6. Bb2 b6 7. Nc3 Bb7 8. cxd5 exd5 9. Bd3 Nbd7 10. Ne5 c5 11. O-O Rc8 12. f4 Ne4 13. Nxe4 dxe4 14. Be2 Nf6 15. Bc4 Nd5 16. Bxd5 Qxd5 17. dxc5 Bxc5 18. Kf2 Rfd8 19. Qxd5 Rxd5 20. Rfd1 Rcd8 21. Rxd5 Rxd5 22. Bc3 f6 23. Nc4 Rd3 24. Rc1 b5 25. b4 Bf8 26. Nd2 Bd5 27. Nb3 Bxb3 28. axb3 Kf7 29. Ke2 Be7 30. f5 g6 31. fxg6+ hxg6 32. g4 Ke6 33. h3 Bd8 34. Bd2 Rxb3 35. Rc5 a6 36. Rc6+ Kd5 37. Rxa6 Be7 38. Rb6 Kc4 39.
Rc6+ Kd5 40. Rb6 Kc4 41. Re6 Bxb4 42. Rxe4+ Kc5 43. Bxb4+ Rxb4 44. Rxb4 Kxb4 45. h4 Kc3 46. h5 gxh5 47. gxh5 b4 48. h6 b3 49. h7 b2 50.
h8=Q b1=Q 51. Qxf6+ Kc4 52. Qc6+ 1-0

[Event "Early-Titled-Tuesday-Blitz-April-02-2024"]
[Site "Chess.com"]
[Date "2024.04.02"]
[Round "8"]
[White "DefenceWinsChampionships"]
[Black "IsaqueGoncalvesSanto"]
[Result "1-0"]
[WhiteElo "2301"]
[BlackElo "1930"]
[TimeControl "180+1"]
[EndTime "9:29:09 PDT"]
[Termination "DefenceWinsChampionships won by checkmate"]

1. e4 e6 2. d4 d5 3. e5 c5 4. c3 Nc6 5. Nf3 Qb6 6. a3 c4 7. Be2 Bd7 8. Nbd2 Na5 9. O-O Qc7 10. Ne1 Ne7 11. f4 g6 12. Bf3 h5 13. g3 Nf5 14.
Ng2 Be7 15. Qe2 Ba4 16. Re1 O-O-O 17. Nf1 Nb3 18. Rb1 Kb8 19. Be3 Rc8 20. Bf2 Qa5 21.
h3 Bd8 22. g4 hxg4 23. hxg4 Ne7 24. Nfe3 Qa6 25. Bg3 Rh3 26. Kf2 Bb6 27. Rh1 Rch8 28. Bh4 Rxh1 29. Rxh1 Qb5 30. Ne1 Nc1 31. Qd2 Nb3 32.
Qe2 Nc1 33. Qd2 Nd3+ 34. Nxd3 cxd3 35. Bxe7 Rxh1 36. Bxh1 Qe8 37. Bf6 Bb5 38. Bg2 Ba6 39.
Bf1 Qb5 40. a4 Qxa4 41. Bxd3 Bxd3 42. Qxd3 Qa1 43. Qb5 Kc7 44. Qb4 a5 45. Qd6+ Kc8 46.
Qf8+ Kc7 47. Bd8+ Kc6 48. Qd6+ Kb5 49. Qxb6+ Ka4 50. Qxa5+ Kb3 51. Qxa1 b5 52. Qa3# 1-0

[Event "Early-Titled-Tuesday-Blitz-April-02-2024"]
[Site "Chess.com"]
[Date "2024.04.02"]
[Round "8"]
[White "InitiatingASC"]
[Black "Alenzer"]
[Result "1-0"]
[WhiteElo "2347"]
[BlackElo "2193"]
[TimeControl "180+1"]
[EndTime "9:29:10 PDT"]
[Termination "InitiatingASC won on time"]

1. Nf3 d6 2. g3 e5 3. Bg2 Nc6 4. b3 f5 5. Bb2 Nf6 6. O-O Be7 7. c4 O-O 8. d3 Be6 9. Ne1 Qd7 10. Nc3 f4 11.
Nd5 g5 12. Nc2 a5 13. Re1 Rac8 14. a3 Bh3 15. Bh1 fxg3 16. hxg3 Ng4 17. Bf3 Nh6 18.
Nce3 Nd4 19. Be4 Ng4 20. Nxg4 Bxg4 21. Nxe7+ Qxe7 22. Bxd4 exd4 23. Bxb7 Rce8 24. Bc6 Qf6 25. f3 Re3 26. Rf1 Be6 27. Qe1 Qh6 28. Rf2 Qh3 29.
Rh2 Qf5 30. Be4 Rxe4 31. dxe4 Qf6 32. Qxa5 d3 33. Re1 dxe2 34. Rf2 g4 35. f4 Qd4 36. Rxe2 Qd1+ 37. Kg2 Qd4 38. Qg5+ Kh8 39. f5 Bf7 40. Qh6 Re8 41. f6 Rg8 42. Re1 Qe5 43. Rf5 Qb2+ 44. Rf2 1-0

[Event "Early-Titled-Tuesday-Blitz-April-02-2024"]
[Site "Chess.com"]
[Date "2024.04.02"]
[Round "8"]
[White "JCVanDamme10"]
[Black "enriquebutti"]
[Result "1-0"]
[WhiteElo "2351"]
[BlackElo "2197"]
[TimeControl "180+1"]
[EndTime "9:29:11 PDT"]
[Termination "JCVanDamme10 won on time"]

1. e4 e6 2. d4 d5 3. Nd2 Nf6 4. e5 Nfd7 5. Bd3 c5 6. c3 Nc6 7. Ne2 cxd4 8. cxd4 f6 9. exf6 Nxf6 10. O-O Bd6 11. Nf3 Qc7 12. h3 O-O 13. Be3 Nh5 14.
Rc1 Rxf3 15. gxf3 Qf7 16. Kg2 e5 17. Ng3 exd4 18. Bd2 Ne5 19. Qe2 Be6 20. Nxh5 Qxh5 21.
Rh1 Re8 22. f4 Qxe2 23. Bxe2 Ng6 24. Bb5 Rf8 25. Rhe1 Bf5 26. Re8 Nxf4+ 27. Bxf4 Bxf4 28. Rxf8+ Kxf8 29. Rd1 Be5 30. Bd3 Bxd3 31. Rxd3 Ke7 32. f4 Bf6 33. Kf3 Ke6 34. Rb3 b6 35. a4 Kf5 36. a5 bxa5 37. Ra3 Bd8 38. Rd3 Bb6 39. b3 g6 40. Rd2 Bc5 41. Re2 Bd6 42. Rd2 Bc5 43. Rc2 Bb6 44. Re2 Bc7 45. Re7 Bb6 46.
Rf7+ Ke6 47. Rxh7 d3 48. Rg7 Kf6 49. Rg8 d2 50. Ke2 1-0

[Event "Early-Titled-Tuesday-Blitz-April-02-2024"]
[Site "Chess.com"]
[Date "2024.04.02"]
[Round "8"]
[White "Kunalm64"]
[Black "tk22h"]
[Result "1-0"]
[WhiteElo "2623"]
[BlackElo "2396"]
[TimeControl "180+1"]
[EndTime "9:29:12 PDT"]
[Termination "Kunalm64 won by resignation"]

1. e4 e5 2. Nf3 Nc6 3. Bb5 a6 4. Bxc6 dxc6 5. d4 exd4 6. Qxd4 Qxd4 7. Nxd4 Bd7 8. Nc3 O-O-O 9. Be3 Ne7 10. O-O-O Ng6 11.
g3 Be7 12. f4 Rhe8 13. Nde2 f6 14. Rd2 Bb4 15. a3 Bxc3 16. Nxc3 b6 17. Rhd1 c5 18. h4 Bc6 19. Rxd8+ Rxd8 20. Rxd8+ Kxd8 21. Kd2 h5 22. Kd3 Kd7 23. Ne2 Kd6 24. c4 Bd7 25. Nc3 Bc6 26.
a4 Ne7 27. f5 g6 28. Bf4+ Kd7 29. fxg6 Nxg6 30. Nd5 Bxd5 31. cxd5 b5 32. axb5 axb5 33.
Ke3 c6 34. Kf3 cxd5 35. exd5 f5 36. Ke3 Nf8 37. Bb8 Ng6 38. Kf3 Kc8 39. Bd6 c4 40.
Ke3 Kd7 41. Bb8 b4 42. Kd4 c3 43. bxc3 bxc3 44. Kxc3 Ke7 45. Kd4 Kd7 46. Bf4 Ke7 47.
Kc5 Kd7 48. d6 Nf8 49. Kd5 Ng6 50. Be5 Nf8 51. Bf6 Ne6 52. Ke5 Nc5 53. Kxf5 Kxd6 54. Bg5 Ne6 55. Kg6 Ke5 56. Kxh5 Ng7+ 57. Kg6 Nf5 58. g4 Nd4 59. Bf6+ Kf4 60. Bxd4 Kxg4 61. h5 1-0

[Event "Early-Titled-Tuesday-Blitz-April-02-2024"]
[Site "Chess.com"]
[Date "2024.04.02"]
[Round "8"]
[White "Robert_Chessmood"]
[Black "GM_Levan_Pantsulaia"]
[Result "0-1"]
[WhiteElo "2969"]
[BlackElo "2906"]
[TimeControl "180+1"]
[EndTime "9:29:13 PDT"]
[Termination "GM_Levan_Pantsulaia won on time"]

1. e4 c5 2. Nf3 e6 3. d4 cxd4 4. Nxd4 a6 5. Be2 Nf6 6. Nc3 Qc7 7. O-O Nc6 8. Be3 Bb4 9. Nxc6 bxc6 10. Qd4 c5 11.
Qc4 O-O 12. Na4 a5 13. Qd3 Ba6 14. c4 d5 15. exd5 exd5 16. Qc2 Bxc4 17. Bxc4 Ng4 18. g3 dxc4 19. a3 Qc6 20. axb4 axb4 21. Bxc5 Ne5 22. f4 Nf3+ 23. Rxf3 Qxf3 24. Bxf8 Kxf8 25. Qxc4 Qe3+ 26. Kg2 Qd2+ 27. Kh1 h5 28. Rc1 h4 29.
Nb6 Re8 30. Qf1 h3 31. Rc8 Rxc8 32. Nxc8 Qd5+ 33. Kg1 Qc5+ 34. Kh1 Qxc8 35. Kg1 Qc5+ 36. Kh1 Qd5+ 37. Kg1 Qd4+ 38. Kh1 Qxb2 39. Qxh3 Qc1+ 40.
Kg2 b3 41. Qh8+ Ke7 42. Qb8 Qc2+ 43. Kh3 b2 44. Qe5+ Kd7 45. Qd5+ Kc8 46. Qa8+ Kc7 47. Qa7+ Kc6 48. Qa6+ Kd5 49. Qb7+ Kd4 50. Qd7+ Ke3 51. Qe7+ Kf2 0-1

[Event "Early-Titled-Tuesday-Blitz-April-02-2024"]
[Site "Chess.com"]
[Date "2024.04.02"]
[Round "8"]
[White "trriinu"]
[Black "Shahdad2007"]
[Result "0-1"]
[WhiteElo "2286"]
[BlackElo "2568"]
[TimeControl "180+1"]
[EndTime "9:29:14 PDT"]
[Termination "Shahdad2007 won by resignation"]

1. e4 c5 2. Nc3 e6 3. g3 d5 4.
exd5 exd5 5. Bg2 d4 6. Nd5 Nc6 7. d3 Nf6 8. Bg5 Be7 9. Nxe7 Qxe7+ 10. Ne2 h6 11. Bxf6 Qxf6 12. Nf4 O-O 13. O-O Bd7 14. Qh5 Qd6 15. Rfe1 Rae8 16. Bd5 Be6 17. Nxe6 fxe6 18. Be4 e5 19. f4 Kh8 20. f5 Re7 21. Rf1 Qf6 22. g4 Nb4 23. Rf2 g5 24. Kh1 Kg7 25. Rg1 Rc8 26. h4 c4 27. a3 Na6 28.
Kg2 cxd3 29. cxd3 Nc5 30. Rh1 Nxe4 31. dxe4 Rc6 32. Kg3 d3 33. hxg5 Qxg5 34. Qxg5+ hxg5 35. Rfh2 Rec7 36. Rh7+ Kf8 37. Rh8+ Ke7 38. R1h7+ Kd6 39. Rd8+ Kc5 40. Rxd3 Rxh7 41. Rd5+ Kc4 42. Rxe5 Rd6 43. Re8 Rd3+ 44. Kg2 Rhd7 45. f6 Rd2+ 46. Kf1 Kd3 47.
f7 Rxf7+ 48. Ke1 Ke3 0-1

[Event "Early-Titled-Tuesday-Blitz-April-02-2024"]
[Site "Chess.com"]
[Date "2024.04.02"]
[Round "8"]
[White "Oleksandr_Bortnyk"]
[Black "djokovic74"]
[Result "1/2-1/2"]
[WhiteElo "3025"]
[BlackElo "2760"]
[TimeControl "180+1"]
[EndTime "9:29:15 PDT"]
[Termination "Game drawn by repetition"]

1. e4 e6 2. Nf3 d5 3. e5 c5 4.
d4 Nc6 5. Bd3 cxd4 6. O-O Nge7 7. Bf4 Ng6 8. Bg3 Be7 9. Re1 O-O 10. Nbd2 Bd7 11. h4 f6 12. exf6 Bxf6 13. h5 Nge7 14. Ne5 Nxe5 15. Bxe5 Bxe5 16. Rxe5 Nc6 17. Qe2 Nxe5 18.
Qxe5 Qf6 19. Nf3 Qxe5 20. Nxe5 Be8 21. g4 Rc8 22. a4 Rf4 23. f3 Rf8 24. Kg2 g6 25. h6 Bc6 26. g5 Rfe8 27. Kg3 Kf8 28. b4 Ke7 29. b5 Bd7 30. Re1 Kd6 31. Nf7+ Ke7 32. Ne5 Kd6 33. f4 a6 34. Ng4 axb5 35.
axb5 Rc3 36. Nf6 Rh8 37. Kh4 Ra3 38. Rb1 b6 39. Rb4 Kc5 40. Rb1 Kd6 41. Rd1 Ra5 42.
Ng4 Bxb5 43. Ne5 Bxd3 44. cxd3 Rc8 45. Rb1 b5 46. Ng4 Rc7 47. Nf6 Rb7 48. Ne8+ Kd7 49.
Nf6+ Kd6 50. Rc1 b4 51. Ne8+ Kd7 52. Nf6+ Kd6 53. Ne8+ Kd7 54. Nf6+ Kd6 1/2-1/2

[Event "Early-Titled-Tuesday-Blitz-April-02-2024"]
[Site "Chess.com"]
[Date "2024.04.02"]
[Round "8"]
[White "sorch29"]
[Black "KNVB"]
[Result "0-1"]
[WhiteElo "2429"]
[BlackElo "2771"]
[TimeControl "180+1"]
[EndTime "9:29:15 PDT"]
[Termination "KNVB won on time"]

1. c4 b6 2. Nc3 Bb7 3. e4 c5 4. Nf3 e6 5. d4 cxd4 6. Nxd4 a6 7.
f3 Qc7 8. Be3 Nf6 9. Rc1 d6 10.
Kd2 Nbd7 11. Kc2 Ne5 12. Kb1 Rc8 13. b3 h5 14. Be2 Be7 15. Qd2 Qb8 16. h3 h4 17. Nc2 Ned7 18. Rhd1 Nh5 19. Nd4 Ng3 20. Bd3 Qc7 21. Nde2 Nxe2 22. Bxe2 Nc5 23. Bd4 Rg8 24. b4 Nd7 25. f4 g6 26. Rc2 Rd8 27. Na4 Bc6 28. Nc3 Bb7 29. Qe1 Qb8 30. Qf2 Ba8 31.
Bf3 e5 32. Be3 exf4 33. Bxf4 Ne5 34. Nd5 Bxd5 35. exd5 a5 36. Bxe5 dxe5 37. d6 Rxd6 38. Rcd2 Rxd2 39. Rxd2 axb4 40. Bc6+ Kf8 41. Rd7 Rg7 42. Qe3 Rh7 43. Qe4 Rh5 44. Qd5 Rf5 45. Rb7 Qc8 46. Bd7 Rf1+ 47. Kc2 Qc5 48. Rb8+ Kg7 49.
Qxc5 Bxc5 50. Kd3 Rf2 51. Bc6 f5 52. a4 e4+ 0-1

[Event "Early-Titled-Tuesday-Blitz-April-02-2024"]
[Site "Chess.com"]
[Date "2024.04.02"]
[Round "8"]
[White "Bauman_Guy"]
[Black "Baku_Boulevard"]
[Result "1/2-1/2"]
[WhiteElo "2911"]
[BlackElo "3037"]
[TimeControl "180+1"]
[EndTime "9:29:17 PDT"]
[Termination "Game drawn - insufficient material"]

1. e4 c5 2. Nf3 d6 3. d4 cxd4 4.
Nxd4 Nf6 5. Nc3 g6 6. Be3 Bg7 7. f3 Nc6 8. Qd2 O-O 9. O-O-O d5 10. exd5 Nxd5 11. Nxc6 bxc6 12. Bd4 Bxd4 13. Qxd4 Qb6 14.
Ne4 Bf5 15. Qxb6 axb6 16. a3 b5 17. c3 Rfd8 18. Re1 b4 19. cxb4 Nxb4 20. Bc4 Rd4 21.
Bxf7+ Kxf7 22. axb4 Rxb4 23. Ng5+ Ke8 24. g4 Bd3 25.
Kd2 Bb5 26. Nxh7 Rxb2+ 27. Ke3 Ra4 28. Ng5 e5 29. h4 Bc4 30. h5 Bd5 31. Ra1 Rc4 32.
Rhc1 Rxc1 33. Rxc1 gxh5 34. gxh5 Rh2 35. Ne4 Ke7 36. Ng3 Rh3 37. Rg1 Kf6 38. f4 c5 39.
fxe5+ Kxe5 40. Kf2 c4 41. Ne2 Rxh5 42. Ke3 Rh3+ 43.
Rg3 Rh5 44. Nc3 Bc6 45. Ne2 Bd7 46. Kd2 Bf5 47. Kc3 Rh2 48. Nd4 Rf2 49. Nxf5 Rxf5 50. Kxc4 Rf4+ 51. Kc3 Kf5 52. Rd3 Ke4 53. Rd4+ Ke5 54.
Rxf4 Kxf4 1/2-1/2

[Event "Early-Titled-Tuesday-Blitz-April-02-2024"]
[Site "Chess.com"]
[Date "2024.04.02"]
[Round "8"]
[White "Aisen1011"]
[Black "Djager97"]
[Result "1-0"]
[WhiteElo "2505"]
[BlackElo "2591"]
[TimeControl "180+1"]
[EndTime "9:29:18 PDT"]
[Termination "Aisen1011 won on time"]

1. d4 Nf6 2. c4 c5 3. d5 d6 4. Nc3 g6 5. e4 Bg7 6. Nf3 O-O 7.
h3 e6 8. Bd3 exd5 9. exd5 Re8+ 10. Be3 Rxe3+ 11. fxe3 Qe7 12. e4 Nh5 13. O-O Nd7 14. Qd2 Ne5 15. Nxe5 Bxe5 16. Ne2 Qh4 17. Rf3 Bd7 18. Raf1 Rf8 19. Qe1 Qg5 20. Qf2 Qe7 21.
g4 Ng7 22. Kh1 h5 23. gxh5 Nxh5 24. Rg1 Kg7 25. b3 Rh8 26. Kg2 a6 27. Kf1 b5 28. Ke1 bxc4 29. Bxc4 a5 30. a4 Nf6 31.
Bd3 Rb8 32. Bc2 c4 33. bxc4 Rb2 34. Kd1 Qe8 35. Nc3 Bxc3 36. Rxc3 Nxe4 37. Qd4+ Nf6 38. Rf3 Bf5 39. Bxf5 Qxa4+ 40. Ke1 Qa1+ 41. Qd1 Qa2 42. Bd3 1-0

[Event "Early-Titled-Tuesday-Blitz-April-02-2024"]
[Site "Chess.com"]
[Date "2024.04.02"]
[Round "8"]
[White "Rurep26"]
[Black "sergoy"]
[Result "0-1"]
[WhiteElo "2724"]
[BlackElo "2896"]
[TimeControl "180+1"]
[EndTime "9:29:19 PDT"]
[Termination "sergoy won on time"]

1. d4 Nf6 2. Bf4 g6 3. e3 Bg7 4. Nd2 O-O 5. h3 d6 6. Ngf3 Nbd7 7. Be2 Re8 8. Bh2 e5 9. dxe5 dxe5 10. O-O Qe7 11.
c3 b6 12. a4 a5 13. Bc4 Bb7 14. Ng5 Rf8 15. Qc2 Rad8 16. Rad1 Kh8 17. Nge4 Nxe4 18.
Nxe4 f5 19. Nd2 Nc5 20. Kh1 Qg5 21. Rg1 Qh5 22. f3 e4 23. Be2 Nd3 24. Rgf1 Rd7 25. Nb3 exf3 26. Bxf3 Bxf3 27. gxf3 Rfd8 28. Rd2 c5 29. c4 Nb4 30. Rxd7 Rxd7 31. Qg2 Qh4 32. f4 Qf6 33. Qa8+ Rd8 34. Qb7 Re8 35. Re1 Qxb2 36. Nc1 Qd2 37. Bg3 Nc2 38. Qc6 Rf8 39. Rg1 Nxe3 40. Qf3 Nxc4 41. Nd3 Qe3 42. Qd5 Qd4 43.
Qf3 Nd2 44. Qe2 Ne4 45. Bh4 c4 46. Ne1 c3 47. Nf3 Qc5 48. Qg2 c2 49. Rc1 Rc8 0-1

[Event "Early-Titled-Tuesday-Blitz-April-02-2024"]
[Site "Chess.com"]
[Date "2024.04.02"]
[Round "8"]
[White "DanylaBagrov"]
[Black "LeoWin2012"]
[Result "0-1"]
[WhiteElo "2492"]
[BlackElo "2328"]
[TimeControl "180+1"]
[EndTime "9:29:20 PDT"]
[Termination "LeoWin2012 won by resignation"]

1. d4 Nf6 2. Bf4 d6 3. e3 Nbd7 4. h3 e5 5. Bh2 Be7 6. c4 exd4 7. exd4 O-O 8. Nf3 Re8 9. Be2 c5 10. O-O Qb6 11. Nc3 Qxb2 12. Nb5 Bd8 13. Re1 cxd4 14. Nfxd4 Ba5 15. Nxd6 Bxe1 16. Nxe8 Nxe8 17. Rb1 Qd2 18. Qxe1 Qxd4 19. Bg4 Ndf6 20. Rd1 Qb6 21. c5 Qc6 22.
Rd8 h5 23. Bf5 b6 24. Qe7 Bb7 25. f3 Rxd8 26. Qxd8 Qxc5+ 27. Kh1 Qxf5 28. Qb8 Bd5 29. Qxa7 Qb1+ 30. Bg1 Bxa2 31. Qxb6 Qxb6 32. Bxb6 Be6 33. Kh2 Nd5 34. Bc5 f5 35. Kg3 g5 36. Kf2 h4 37.
Ba3 f4 38. Bb2 Kf7 39. Be5 Kg6 40. Kg1 Kf5 41. Bb8 Nef6 42. Kf2 Nd7 43. Bd6 N7b6 44. Bc5 Nc4 45. Bd4 Nce3 46. Bc5 Nc4 47. Bf8 Nc3 48. Bc5 Nd1+ 49. Ke1 Nde3 50. Kf2 Nb2 51. Bd4 Nd3+ 52. Kg1 Ne1 53. g4+ hxg3 54. Bb6 Nxf3+ 0-1

[Event "Early-Titled-Tuesday-Blitz-April-02-2024"]
[Site "Chess.com"]
[Date "2024.04.02"]
[Round "8"]
[White "Egor_Koshulyan"]
[Black "guillembaches"]
[Result "1-0"]
[WhiteElo "2743"]
[BlackElo "2565"]
[TimeControl "180+1"]
[EndTime "9:29:21 PDT"]
[Termination "Egor_Koshulyan won on time"]

1. e4 d5 2. exd5 Qxd5 3. Nc3 Qa5 4. d4 Nf6 5. Nf3 Bf5 6. Bc4 e6 7. O-O Bb4 8. Ne2 c6 9. Ng3 Bg6 10. Ne5 Nbd7 11. Qe2 Nxe5 12. dxe5 Nd5 13. Ne4 Bxe4 14. Qxe4 Bd2 15. Bxd2 Qxd2 16. Rad1 Qa5 17. a3 O-O 18. h4 Rad8 19. h5 g6 20. h6 Qc7 21. Rfe1 Qe7 22.
Qg4 Nb6 23. Bd3 Rd5 24. Qf4 Rfd8 25. Re3 Rd4 26. Qh2 Nd5 27. Rf3 Rh4 28. Rh3 Rxh3 29. Qxh3 Nf4 30. Qe3 Qg5 31. g3 Qh5 32. Rd2 Nxd3 33.
Rxd3 Rxd3 34. cxd3 g5 35. Qxa7 Qxh6 36. Qxb7 Qg6 37.
Qb8+ Kg7 38. Qd6 Qf5 39. Qd4 Qf3 40. a4 h5 41. a5 g4 42. a6 h4 43. gxh4 g3 44. fxg3 Qxg3+ 45. Kf1 Qf3+ 46. Ke1 Qg3+ 47. Kd2 Qg2+ 48. Kc3 Qf1 49. a7 Qc1+ 50. Kb3 Qd1+ 51. Ka2 Qa4+ 52. Qxa4 1-0

[Event "Early-Titled-Tuesday-Blitz-April-02-2024"]
[Site "Chess.com"]
[Date "2024.04.02"]
[Round "8"]
[White "VanRommel28"]
[Black "tactic"]
[Result "1-0"]
[WhiteElo "2517"]
[BlackElo "2596"]
[TimeControl "180+1"]
[EndTime "9:29:22 PDT"]
[Termination "VanRommel28 won by resignation"]

1. d4 Nf6 2. Nf3 e6 3. Bf4 d5 4. e3 Bd6 5. Nbd2 O-O 6. c3 c5 7.
h4 Qc7 8. Bxd6 Qxd6 9. h5 h6 10. Ne5 Nfd7 11. Ndf3 Nc6 12. Nxc6 bxc6 13. Bd3 cxd4 14.
exd4 e5 15. dxe5 Nxe5 16. Nxe5 Qxe5+ 17. Qe2 Qg5 18. Qe3 Qxe3+ 19. fxe3 Re8 20. Kf2 Re5 21. Rh4 Bf5 22. Rd1 Rae8 23. g4 Bxd3 24. Rxd3 Re4 25.
Kf3 f5 26. Kf2 fxg4 27. Rd4 g3+ 28. Kxg3 Rxe3+ 29. Kf2 Re2+ 30. Kf1 Re1+ 31. Kf2 R8e2+ 32. Kf3 Rxb2 33. Rhg4 Rf1+ 34. Ke3 Rff2 35. Ra4 Rxa2 36. Rab4 c5 37. Rb8+ Kh7 38. Rb7 Rae2+ 39. Kd3 Rd2+ 40. Ke3 Rde2+ 41. Kd3 c4+ 42. Kd4 Re4+ 43. Rxe4 dxe4 44.
Kxc4 Rh2 45. Kd4 Rxh5 46. c4 a5 47. c5 e3 48. c6 Rh4+ 49. Kd5 Re4 50. Kxe4 e2 51.
Rb1 a4 52. c7 h5 53. c8=Q Kh6 54. Qe6+ g6 55. Kf3 a3 56. Qe3+ Kg7 57. Rb7+ Kf6 58. Rb6+ Kf7 59. Qe6+ Kg7 60. Qxg6+ Kf8 61. Rb8+ Ke7 62.
Re8+ Kd7 63. Qe6+ Kc7 64. Rc8+ Kb7 65. Qc6+ 1-0

[Event "Early-Titled-Tuesday-Blitz-April-02-2024"]
[Site "Chess.com"]
[Date "2024.04.02"]
[Round "8"]
[White "tortorchess"]
[Black "arnash_bauyrzhan"]
[Result "1-0"]
[WhiteElo "2224"]
[BlackElo "2337"]
[TimeControl "180+1"]
[EndTime "9:29:22 PDT"]
[Termination "tortorchess won by resignation"]

1. d4 d5 2. c4 e6 3. Nc3 Be7 4. Nf3 Nf6 5. Bg5 O-O 6. e3 h6 7. Bh4 b6 8. Bd3 Bb7 9. O-O Nbd7 10. Rc1 c5 11. a3 dxc4 12. Bxc4 Ne4 13. Nxe4 Bxe4 14. Bg3 cxd4 15. exd4 Nf6 16. Ne5 Bd6 17. f3 Bd5 18. Bxd5 Nxd5 19. Nc6 Qd7 20. Bf2 Bf4 21.
Rc2 Rac8 22. Ne5 Bxe5 23. dxe5 Rxc2 24. Qxc2 Rc8 25. Qd2 Qa4 26. Rc1 Rc4 27. h3 Qc6 28. Rxc4 Qxc4 29. Qd4 Qc1+ 30. Kh2 Qf4+ 31. Qxf4 Nxf4 32.
Bd4 Ne2 33. Be3 g5 34. g3 f6 35. exf6 e5 36. Kg2 Kf7 37. Kf2 Nd4 38. Bxd4 exd4 39. Ke2 Kxf6 40. Kd3 Ke5 41. b3 b5 42. a4 a6 43. a5 Kd5 44. b4 Ke5 45. g4 Kf4 46. Kxd4 Kxf3 47. Kc5 Kg3 48. Kb6 Kxh3 49. Kxa6 Kxg4 50.
Kxb5 h5 51. a6 h4 52. a7 h3 53. a8=Q Kg3 54. Qh1 g4 55. Kc4 Kf2 56. Qh2+ Kf3 57. b5 1-0